[Event "Early-Titled-Tuesday-Blitz-April-23-2024"]
[Site "Chess.com"]
[Date "2024.04.23"]
[Round "11"]
[White "NMChessToImpress"]
[Black "shirovin"]
[Result "0-1"]
[WhiteElo "2216"]
[BlackElo "2077"]
[TimeControl "180+1"]
[EndTime "10:11:49 PDT"]
[Termination "shirovin won on time"]

1. e4 Nf6 2. Nc3 d5 3. e5 Nfd7 4. e6 fxe6 5. d4 Nf6 6. Nf3 g6 7. h4 Bg7 8. h5 Nxh5 9. Rxh5 gxh5 10. Ne5 O-O 11. Bd3 Qe8 12. Qe2 Nc6 13. Nb5 Nxe5 14.
dxe5 Qd8 15. Qxh5 Rf5 16. Bxf5 exf5 17. Bh6 Bxh6 18. Qxh6 c6 19. Nd4 Qf8 20. Qh2 e6 21. O-O-O a6 22. f4 c5 23. Ne2 b5 24. Ng3 Ra7 25. Nh5 Kh8 26. Nf6 Rg7 27. Rh1 Qf7 28. Qg1 Bb7 29. Qxc5 Qe7 30. Qa7 Bc8 31. Qb8 Qd8 32.
Rh3 d4 33. c3 d3 34. Kd2 Qc7 35.
Qxc7 Rxc7 36. Rxd3 Kg7 37. Rd8 Bb7 38. Rg8+ Kh6 39. g4 fxg4 40. Nxg4+ Kh5 41. Nf6+ Kh4 42.
Rg4+ Kh3 43. Rg5 h6 44. Rh5+ Kg3 45. Rxh6 Kxf4 46. Ng8 Kxe5 0-1

[Event "Early-Titled-Tuesday-Blitz-April-23-2024"]
[Site "Chess.com"]
[Date "2024.04.23"]
[Round "11"]
[White "Prizant_academy"]
[Black "Jospem"]
[Result "0-1"]
[WhiteElo "2944"]
[BlackElo "3086"]
[TimeControl "180+1"]
[EndTime "10:11:50 PDT"]
[Termination "Jospem won by resignation"]

1. d4 Nf6 2. c4 e6 3. Bf4 b6 4. Nc3 Bb7 5. e3 Be7 6. Nf3 d6 7. h3 Nbd7 8. Be2 h6 9. d5 e5 10.
Bh2 O-O 11. O-O Nh7 12. e4 Ng5 13. Ne1 a5 14. b3 Nc5 15. Qc2 Bc8 16. Bg4 Bxg4 17.
hxg4 Qd7 18. Qe2 Nh7 19. f3 Bg5 20. Nd3 Nf6 21. Nf2 Nh7 22. Nh3 Rae8 23. Bg3 g6 24. Nxg5 Nxg5 25. Bh4 f6 26. Kf2 Kg7 27. Ke1 Rh8 28.
Kd2 h5 29. Bxg5 fxg5 30. Rh1 hxg4 31. fxg4 Ref8 32. g3 Rxh1 33. Rxh1 Qf7 34. Ke3 Nd7 35.
Nd1 Nf6 36. Nf2 c6 37. Rh2 cxd5 38. exd5 b5 39. Kd2 bxc4 40. bxc4 Qb7 41. Nd3 e4 42. Ne1 Qb4+ 43. Kd1 Rc8 44. Nc2 Qb1+ 45. Kd2 Qxa2 46. Qe3 Qxc4 47. Nd4 Qb4+ 48. Ke2 Nxd5 49. Ne6+ Kg8 50.
Qxg5 Rc2+ 51. Kd1 Qb1+ 0-1

[Event "Early-Titled-Tuesday-Blitz-April-23-2024"]
[Site "Chess.com"]
[Date "2024.04.23"]
[Round "11"]
[White "Dr_Pepper18"]
[Black "Crazy_girl99"]
[Result "1-0"]
[WhiteElo "2510"]
[BlackElo "2600"]
[TimeControl "180+1"]
[EndTime "10:11:50 PDT"]
[Termination "Dr_Pepper18 won by resignation"]

1. d4 Nf6 2. Nf3 e6 3. c4 d5 4.
g3 Be7 5. Bg2 O-O 6. O-O dxc4 7.
Qc2 c6 8. Qxc4 b5 9. Qc2 Bb7 10. Rd1 Nbd7 11. Nc3 a6 12. Ne5 Rc8 13. Bf4 Qb6 14. Ne4 Rfd8 15. Ng5 c5 16. Ngxf7 Bxg2 17. Kxg2 cxd4 18. Qd3 Nc5 19. Qf3 Rf8 20. Rac1 b4 21.
Nc4 Qc6 22. Qxc6 Rxc6 23. Nfe5 Rcc8 24. Rxd4 Nd5 25. Rcd1 b3 26. a3 Bf6 27. e4 Ne7 28.
h4 h6 29. f3 g5 30. hxg5 hxg5 31. Be3 Kg7 32. Rd6 Na4 33. Rxe6 Rfd8 34. Rxd8 Rxd8 35.
Rxa6 Nxb2 36. Nxb2 Bxe5 37. Nc4 Bc3 38. Rb6 Rc8 39. Rxb3 Rxc4 40. Rxc3 Ra4 41. Bxg5 Ng6 42. Rc7+ Kf8 43. Bd2 Ke8 44. Bb4 Ne5 45. Re7+ 1-0

[Event "Early-Titled-Tuesday-Blitz-April-23-2024"]
[Site "Chess.com"]
[Date "2024.04.23"]
[Round "11"]
[White "esrosenberg"]
[Black "BozeKat"]
[Result "0-1"]
[WhiteElo "2291"]
[BlackElo "2125"]
[TimeControl "180+1"]
[EndTime "10:11:50 PDT"]
[Termination "BozeKat won on time"]

1. e4 c5 2. Nc3 e6 3. Nge2 d5 4. exd5 exd5 5. d4 Nc6 6. g3 Nf6 7. Bg2 c4 8. O-O Be7 9. Nf4 Bg4 10. Qd2 Be6 11. Re1 Qd7 12. Nxe6 fxe6 13. Bh3 Nd8 14. Qe2 Kf7 15. Bf4 Re8 16. Be5 Kg8 17. Qf3 Nc6 18.
Re2 Nxe5 19. dxe5 Ne4 20. Nxe4 dxe4 21. Qxe4 b5 22. b3 Rac8 23. a4 a6 24. axb5 axb5 25.
Ra6 Bc5 26. bxc4 bxc4 27. Kg2 c3 28. Bg4 Kh8 29. Bf3 Rf8 30. h4 Qf7 31. h5 Be7 32.
Ra7 Qe8 33. Re3 Bg5 34. Rd3 Bd2 35. Rdd7 Rg8 36. h6 Bxh6 37. Be2 Rd8 38. Re7 Qf8 39. Bd3 Qf5 40. Qxf5 exf5 41. Bxf5 Rd2 42. g4 Be3 43. Kf3 Bxf2 44. Ke4 Rxc2 45. Kd3 Rc1 46. Be6 Rd8+ 47.
Ke2 c2 48. Rxg7 Re1+ 49. Kxf2 Rf1+ 50. Kg3 Rg1+ 51. Kf4 c1=Q+ 52. Kf5 Qf1+ 53. Kg5 Qc1+ 54. Kf6 Rf1+ 0-1

[Event "Early-Titled-Tuesday-Blitz-April-23-2024"]
[Site "Chess.com"]
[Date "2024.04.23"]
[Round "11"]
[White "klifus"]
[Black "GlennTipton"]
[Result "0-1"]
[WhiteElo "2191"]
[BlackElo "2502"]
[TimeControl "180+1"]
[EndTime "10:11:51 PDT"]
[Termination "GlennTipton won by checkmate"]

1. Nf3 Nf6 2. g3 c6 3. Bg2 d5 4. O-O Bf5 5. c4 e6 6. cxd5 cxd5 7. Qb3 Qb6 8. Qxb6 axb6 9. d3 h6 10. Nd4 Bh7 11. Nb5 Kd7 12. Bf4 Nc6 13. N1c3 Be7 14. e4 d4 15. Ne2 e5 16. Bh3+ Kd8 17.
Bd2 Nd7 18. f4 f6 19. Bxd7 Kxd7 20. a3 Rhf8 21. Rac1 Bg8 22. fxe5 fxe5 23. Rxf8 Rxf8 24. Kg2 Bb3 25. Bb4 Bxb4 26. axb4 Ba4 27. Na3 Nxb4 28. Nc4 Nxd3 29. Nxb6+ Ke6 30. Nxa4 Rf2+ 31. Kg1 Rxe2 32. Rc7 Nxb2 33. Nxb2 Rxb2 34. Rxg7 d3 35. Rg6+ Kd7 36. Kf1 Rxh2 37. Ke1 Re2+ 38. Kd1 Rxe4 39. Kd2 Rd4 40. Rxh6 e4 41. Rh7+ Kc6 42. Rh6+ Rd6 43. Rh4 Re6 44. Ke3 b5 45. g4 b4 46. Rh2 Kd5 47. Rb2 Kc4 48. g5 b3 49. Rg2 Kc3 50. g6 b2 51.
Rg1 Rxg6 52. Rb1 Kc2 53. Rxb2+ Kxb2 54. Kxe4 d2 55. Kf5 Rg2 56. Kf4 d1=Q 57. Ke3 Re2+ 58. Kf4 Qf1+ 59. Kg3 Rg2+ 60. Kh3 Qh1# 0-1

[Event "Early-Titled-Tuesday-Blitz-April-23-2024"]
[Site "Chess.com"]
[Date "2024.04.23"]
[Round "11"]
[White "wonderfultime"]
[Black "HansOnTwitch"]
[Result "1-0"]
[WhiteElo "3085"]
[BlackElo "3214"]
[TimeControl "180+1"]
[EndTime "10:11:53 PDT"]
[Termination "wonderfultime won by checkmate"]

1. d4 Nf6 2. Nf3 d5 3. Bf4 c5 4. c3 Qb6 5. Qc2 Nc6 6. e3 Bg4 7. dxc5 Qxc5 8. Nbd2 e6 9. b4 Qb6 10. a3 Nh5 11. Bg3 Nxg3 12. hxg3 Bxf3 13. gxf3 g6 14. c4 Bg7 15. Rd1 O-O 16. f4 Rac8 17. Qb3 a5 18. c5 Qc7 19. Be2 axb4 20. axb4 b6 21. cxb6 Qxb6 22. b5 Na5 23. Qa4 Ra8 24. Qb4 Rfc8 25. O-O Bc3 26. Qb1 Nb7 27. Nf3 Nd6 28.
Kg2 Ra4 29. Rc1 Rc5 30. Qd3 Ra3 31. Qd1 Kg7 32. Nd4 Ra2 33. Rc2 Rxc2 34. Nxc2 Nxb5 35. Ne1 Bxe1 36. Qxe1 Nc3 37. Bf3 Qb2 38. Rh1 Ra5 39. g4 h6 40. Kg3 Ra2 41. Qg1 d4 42. Qh2 Kg8 43. f5 dxe3 44. fxg6 fxg6 45. Qxh6 Qxf2+ 46. Kf4 Nd5+ 47. Kg5 Qxf3 48. Qh8+ Kf7 49. Rh7# 1-0

[Event "Early-Titled-Tuesday-Blitz-April-23-2024"]
[Site "Chess.com"]
[Date "2024.04.23"]
[Round "11"]
[White "KetiTsatsalashvili"]
[Black "kiwibobo"]
[Result "0-1"]
[WhiteElo "2414"]
[BlackElo "2327"]
[TimeControl "180+1"]
[EndTime "10:11:55 PDT"]
[Termination "kiwibobo won by resignation"]

1. d4 Nf6 2. Nf3 g6 3. c4 Bg7 4. Nc3 d5 5. cxd5 Nxd5 6. e4 Nxc3 7. bxc3 c5 8. Be2 O-O 9. O-O Nc6 10. Be3 Bg4 11.
d5 Ne5 12. Bxc5 Rc8 13. Bd4 Nxf3+ 14. Bxf3 Bxd4 15. cxd4 Bxf3 16. Qxf3 e6 17. dxe6 Qxd4 18. exf7+ Rxf7 19. Qe2 Re8 20. Rae1 Rf4 21. e5 Rf5 22. e6 Rf6 23. e7 Rf7 24. Qe6 Qc5 25. Rc1 Qxe7 26.
Qb3 Qe6 27. Qc3 Ref8 28. Rc2 b6 29. h3 a5 30. Qd4 Qf6 31. Qc4 Qf4 32. Qd5 Qb4 33. Rd2 b5 34. Re2 a4 35. Re6 Qc4 36.
Qxc4 bxc4 37. Rc6 Rf4 38. g3 Rd4 39. Ra6 c3 40. Rc6 Rd2 41. Rxc3 Rxa2 42. Rc7 Re8 43. Ra7 Ree2 44. h4 a3 45. h5 gxh5 46. Kg2 Kf8 47.
Kh3 Rxf2 48. Rxf2+ Rxf2 49. Rxa3 Kg7 50. Ra6 Rf6 51.
Ra7+ Kg6 52. Ra8 h6 53. Rf8 Rxf8 54. Kh4 Ra8 55. Kh3 Ra4 0-1

[Event "Early-Titled-Tuesday-Blitz-April-23-2024"]
[Site "Chess.com"]
[Date "2024.04.23"]
[Round "11"]
[White "jefferyx"]
[Black "Firouzja2003"]
[Result "0-1"]
[WhiteElo "3106"]
[BlackElo "3104"]
[TimeControl "180+1"]
[EndTime "10:11:56 PDT"]
[Termination "Firouzja2003 won by resignation"]

1. e4 c6 2. Nf3 d5 3. d3 e6 4. e5 c5 5. c3 Nc6 6. d4 Bd7 7. Be2 Nge7 8. dxc5 Ng6 9. b4 a5 10. Qb3 Ncxe5 11. Nxe5 Nxe5 12. O-O Be7 13. Bf4 Ng6 14. Bg3 Bf6 15. Na3 axb4 16. cxb4 Bxa1 17. Rxa1 Qf6 18. Re1 Nf4 19. Bf1 O-O 20. Nb5 Bc6 21. Nd6 d4 22. a3 h5 23. h4 Ng6 24. b5 Bd5 25. Bc4 Bxc4 26. Qxc4 Rxa3 27. Ne4 Qf5 28. c6 bxc6 29.
bxc6 Qd5 30. Qxd5 exd5 31. Bd6 Ra6 32. Bxf8 Rxc6 33. Bxg7 Kxg7 34. Ng3 d3 35. Rd1 Nf4 36. Nf5+ Kf6 37. Ne3 d4 38. Nf1 Rc2 39. Rd2 Ke5 40. g3 Ne2+ 41. Kg2 Nc1 42. Kf3 f5 43. Rd1 Kd5 44.
Nd2 Na2 45. Nf1 Nb4 46. Nd2 Nc6 47.
Kf4 Ne5 48. Kxf5 Ng4 49. Nf3 Nxf2 50. Rg1 d2 51. Nxd2 Rxd2 52. Kg5 d3 53. Kxh5 Re2 54.
g4 d2 0-1

[Event "Early-Titled-Tuesday-Blitz-April-23-2024"]
[Site "Chess.com"]
[Date "2024.04.23"]
[Round "11"]
[White "Nikolakis2014"]
[Black "DonkyDonkyDonkey"]
[Result "0-1"]
[WhiteElo "2747"]
[BlackElo "2920"]
[TimeControl "180+1"]
[EndTime "10:11:57 PDT"]
[Termination "DonkyDonkyDonkey won by resignation"]

1. Nf3 Nf6 2. c4 g6 3. Nc3 Bg7 4. e4 e5 5. Nxe5 O-O 6. d4 Re8 7. Bd3 c5 8. Nf3 cxd4 9. Nxd4 Nc6 10. Ndb5 d5 11. cxd5 Nxd5 12. Nxd5 Qxd5 13. O-O Qe5 14. g3 Bh3 15. Bf4 Qxb2 16. Rb1 Qxa2 17. Nd6 Bxf1 18. Qxf1 Na5 19. Nxe8 Rxe8 20. Rc1 Bd4 21. Rc7 Bb6 22. Rd7 Rd8 23. Rxd8+ Bxd8 24. Qc1 Nc6 25. Bc4 Qa4 26. Bd5 Bf6 27. Kg2 Qb5 28. Bh6 Qb2 29. Qc4 Bd4 30. Bxf7+ Kh8 31. Qe6 Qxf2+ 32. Kh3 Qf1+ 33.
Kh4 Qf6+ 34. Bg5 Qxe6 35. Bxe6 Kg7 36. Bd5 Bf6 37. Kg4 Bxg5 38. Kxg5 h6+ 39. Kf4 Kf6 40. g4 g5+ 41. Ke3 Ke5 42. Kd3 Nd8 43. Kc4 a6 44. Kc5 b5 45. Kb6 Ne6 46. Kxa6 Nc5+ 47. Kxb5 Nxe4 48.
Bc4 Nd6+ 49. Kc5 Nxc4 50. Kxc4 Kf4 51. Kd4 Kxg4 52. Ke4 Kh3 53. Kf5 Kxh2 54. Kg6 g4 55. Kxh6 g3 0-1

[Event "Early-Titled-Tuesday-Blitz-April-23-2024"]
[Site "Chess.com"]
[Date "2024.04.23"]
[Round "11"]
[White "jk13"]
[Black "chess123456s"]
[Result "0-1"]
[WhiteElo "2685"]
[BlackElo "2626"]
[TimeControl "180+1"]
[EndTime "10:11:57 PDT"]
[Termination "chess123456s won by resignation"]

1. e4 e5 2. Nf3 Nc6 3. Bc4 Nf6 4.
d3 Bc5 5. c3 d6 6. O-O a5 7.
Bb3 h6 8. Nbd2 O-O 9. h3 Be6 10. Re1 Bxb3 11. Qxb3 a4 12. Qd1 Re8 13. Nf1 d5 14.
Qe2 Bf8 15. Ng3 g6 16. Be3 Qd7 17. Rad1 Rad8 18. Qc2 b5 19. a3 Qe6 20. Qc1 Kh7 21.
Qc2 dxe4 22. dxe4 Na5 23. Rxd8 Rxd8 24. Rd1 Rxd1+ 25. Qxd1 Nc4 26. Bc1 Bc5 27. Qd8 Qd6 28. Qxd6 Bxd6 29. Nd2 Nxd2 30. Bxd2 Nd7 31. f3 h5 32. Kf2 Nb6 33. Ke2 Nc4 34. Bc1 Kg7 35. Nf1 Bc5 36. g4 hxg4 37. fxg4 Kf6 38. h4 Kg7 39. Nd2 Be3 40. Nxc4 Bxc1 41. Kd1 Bf4 42. Na5 Bg3 43. h5 gxh5 44. gxh5 Kh6 45. Nc6 Kxh5 46. Ke2 Kg4 47. Kd3 Kf3 48. Ne7 Bf4 49. Nd5 Bc1 50. Nxc7 f5 51. exf5 e4+ 52. Kc2 e3 53. f6 e2 54. f7 Bh6 55. Ne6 e1=Q 56. Nd4+ 0-1

[Event "Early-Titled-Tuesday-Blitz-April-23-2024"]
[Site "Chess.com"]
[Date "2024.04.23"]
[Round "11"]
[White "Kyrko_Gamba"]
[Black "Mikhail_Golubev"]
[Result "0-1"]
[WhiteElo "2432"]
[BlackElo "2582"]
[TimeControl "180+1"]
[EndTime "10:11:57 PDT"]
[Termination "Mikhail_Golubev won by checkmate"]

1. e4 c5 2. Nf3 Nc6 3. Bb5 d6 4. d4 cxd4 5. Qxd4 Bd7 6. Bxc6 bxc6 7. c4 e5 8. Qd3 Be7 9. c5 Qa5+ 10. Qc3 Qa6 11. cxd6 Bxd6 12. Nbd2 Nf6 13. Qc4 Qxc4 14. Nxc4 Bc7 15. O-O Nxe4 16. Re1 Nc5 17. Ncxe5 Ne6 18. Nxd7 Kxd7 19. Ne5+ Bxe5 20. Rxe5 Rab8 21. b3 Rb5 22.
Rxb5 cxb5 23. Be3 a5 24. Rc1 a4 25. b4 Rc8 26. Rxc8 Kxc8 27. Kf1 Kb7 28. Ke2 Kc6 29. Kd3 Kd5 30. a3 f5 31. f3 h5 32. h4 Nf8 33. Bd4 Ng6 34. Bxg7 Nxh4 35. g3 Nxf3 36. Ke3 Ng5 37. Bb2 Ne6 38. Kd3 f4 39.
gxf4 Nxf4+ 40. Ke3 Ng6 41. Kf3 Ne5+ 42. Kg3 Nd3 43.
Bh8 Kc4 44. Kh4 Kb3 45. Kxh5 Kxa3 46. Kg4 Kb3 47. Kf3 a3 48. Ke2 Nxb4 49. Kd2 a2 50.
Bc3 Nc2 51. Kd3 a1=Q 52. Bxa1 Nxa1 53. Ke4 b4 54. Kf5 Kc3 55. Kg6 b3 56. Kh7 b2 57.
Kg8 b1=Q 58. Kh8 Qb7 59. Kg8 Kd4 60. Kh8 Ke5 61. Kg8 Kf6 62. Kh8 Qg7# 0-1

[Event "Early-Titled-Tuesday-Blitz-April-23-2024"]
[Site "Chess.com"]
[Date "2024.04.23"]
[Round "11"]
[White "SaiAgni_98"]
[Black "GeorgiosSouleidis"]
[Result "1-0"]
[WhiteElo "2482"]
[BlackElo "2632"]
[TimeControl "180+1"]
[EndTime "10:11:58 PDT"]
[Termination "SaiAgni_98 won on time"]

1. c4 e5 2. g3 Nc6 3. Bg2 Bc5 4. Nc3 a6 5. e3 d6 6. Nge2 Ba7 7. O-O h5 8. d4 h4 9. b4 hxg3 10. fxg3 Qg5 11.
Rf2 Qh5 12. Bf3 Bg4 13. Bxg4 Qxg4 14. b5 axb5 15. Nd5 Rc8 16. cxb5 Nce7 17. Qa4 Nxd5 18. b6+ c6 19. Qxa7 Qd7 20. dxe5 dxe5 21. Ba3 Nge7 22. Raf1 O-O 23. Qa5 Ra8 24. Qc5 Rae8 25. e4 Nf6 26. Rxf6 gxf6 27. Rxf6 Ng6 28. Qe3 Ra8 29. Bxf8 Nxf8 30. Rf5 Ng6 31. h4 Rxa2 32. h5 Qd1+ 33. Kf2 Nf8 34. Rg5+ Kh7 35. Qf3 Rxe2+ 36. Qxe2 Qd4+ 37.
Kg2 Ne6 38. Rf5 Kg8 39. Qg4+ Kf8 40. Qg6 Qd2+ 41. Kh3 1-0

[Event "Early-Titled-Tuesday-Blitz-April-23-2024"]
[Site "Chess.com"]
[Date "2024.04.23"]
[Round "11"]
[White "balack95"]
[Black "NM_Antelacus"]
[Result "0-1"]
[WhiteElo "2404"]
[BlackElo "2264"]
[TimeControl "180+1"]
[EndTime "10:11:59 PDT"]
[Termination "NM_Antelacus won by resignation"]

1. d4 Nf6 2. c4 e6 3. Nc3 Bb4 4.
e3 O-O 5. Ne2 d5 6. a3 Be7 7. cxd5 exd5 8. Ng3 c6 9. Bd3 Re8 10.
O-O Nbd7 11. Nf5 Bf8 12. b4 Nb6 13. Rb1 Nc4 14. Bxc4 Bxf5 15. Bd3 Bxd3 16. Qxd3 b5 17. f3 a5 18. e4 axb4 19. axb4 Qb6 20. Kh1 Ra7 21. e5 Nd7 22. f4 Qd8 23. f5 Nb6 24. Qg3 Kh8 25. Bg5 Qd7 26. e6 fxe6 27. fxe6 Qxe6 28. Rbe1 Qd7 29. Rxe8 Qxe8 30. Re1 Qa8 31. h4 Nc4 32. h5 Bd6 33. Bf4 Bxf4 34. Qxf4 Ra1 35. Rxa1 Qxa1+ 36. Kh2 h6 37. Qf8+ Kh7 38. Qf5+ Kh8 39. Ne2 Qe1 40. Qf8+ Kh7 41. Qf5+ Kh8 42. Ng3 Qe7 43. Qg6 Qh4+ 44. Kg1 Nd2 45. Qxg7+ Kxg7 46. Nf5+ Kf6 47. Nxh4 Nb3 48. Kf2 Nxd4 49. g3 Nc2 50. Kf3 Nxb4 51. Ng2 Nc2 52. Ke2 Nd4+ 53. Kd3 c5 54. Nf4 Ke5 55. Ng6+ Kd6 56. Nh8 Ke6 57.
g4 Nf3 58. Ng6 Ne5+ 59. Nxe5 Kxe5 60. Ke3 Kf6 61. Kf4 d4 62. Ke4 b4 63. Kd3 Kg5 64. Kc4 Kxg4 65. Kd3 Kxh5 66. Kc4 Kg4 67. Kxc5 d3 68.
Kc4 d2 0-1

[Event "Early-Titled-Tuesday-Blitz-April-23-2024"]
[Site "Chess.com"]
[Date "2024.04.23"]
[Round "11"]
[White "Hikaru"]
[Black "Rud_Makarian"]
[Result "1-0"]
[WhiteElo "3301"]
[BlackElo "3048"]
[TimeControl "180+1"]
[EndTime "10:12:00 PDT"]
[Termination "Hikaru won on time"]

1. h4 d5 2. c4 e6 3. e3 Nf6 4. h5 h6 5. Nf3 Be7 6. b3 c5 7. Bb2 Nc6 8. cxd5 exd5 9. d4 O-O 10. Be2 cxd4 11. Nxd4 Bb4+ 12. Bc3 Bd6 13. Nd2 Re8 14. Rc1 Bd7 15. Nxc6 bxc6 16. b4 Qe7 17. a3 a5 18. bxa5 c5 19. O-O d4 20. Nc4 Bc7 21.
Be1 Bc6 22. Bf3 Ne4 23. exd4 Rad8 24. Rc2 Rxd4 25. Qc1 Qh4 26. g3 Qh3 27. Bg2 Qxh5 28. a6 Ba8 29. f4 Rd1 30. Qb2 Nxg3 31. Bxa8 Nxf1 32. Rg2 g6 33. Ne5 Rxe1 34. Rxg6+ fxg6 35. Qb3+ Kh8 36. Qf7 Ng3+ 37. Kg2 Qe2+ 38. Kh3 Qf1+ 39.
Bg2 R8xe5 40. Qf8+ Kh7 41. Qf7+ Kh8 42. Bxf1 Rh5+ 43.
Kg2 Nxf1 44. Qf8+ Kh7 45. Qf7+ Kh8 46. Qxc7 Ne3+ 47. Kf2 Nc2 48. a7 Re8 49. Qb8 1-0

[Event "Early-Titled-Tuesday-Blitz-April-23-2024"]
[Site "Chess.com"]
[Date "2024.04.23"]
[Round "11"]
[White "cthulhuuu"]
[Black "Byniolus"]
[Result "1/2-1/2"]
[WhiteElo "2485"]
[BlackElo "2798"]
[TimeControl "180+1"]
[EndTime "10:12:01 PDT"]
[Termination "Game drawn by repetition"]

1. e4 c5 2. Nf3 b6 3. g3 Bb7 4. d3 e6 5. Bg2 Nf6 6. Nbd2 Be7 7. O-O O-O 8. Re1 Nc6 9. e5 Ne8 10. a4 f5 11. Nc4 Qc7 12. Bf4 h6 13.
h4 Nb4 14. h5 Nd5 15. Qd2 Rf7 16. c3 Rd8 17. Rac1 a6 18. d4 b5 19. axb5 axb5 20. Na3 Qb6 21. dxc5 Bxc5 22. b4 Bf8 23. Nd4 Nec7 24. Be3 Nxe3 25. Qxe3 Bxg2 26. Kxg2 f4 27. Qe4 fxg3 28. fxg3 Ra8 29. Nac2 Nd5 30. Ne3 Ra2+ 31.
Kg1 Nxe3 32. Qxe3 Qb7 33. Qe4 Qa7 34. Rf1 Rxf1+ 35. Rxf1 Ra3 36. Qf3 Qxd4+ 37. cxd4 Rxf3 38. Rxf3 Bxb4 39. Rb3 Bd2 40. Rxb5 Be3+ 41. Kg2 Bxd4 42.
Rb7 Bxe5 43. Rxd7 Bf6 44. g4 Kf8 45. Kf3 Ke8 46. Rb7 Kf8 47. Ke4 Ke8 48. Ra7 Kf8 49. Rb7 Ke8 50. Rb6 Kd7 51. Rb7+ Ke8 1/2-1/2

[Event "Early-Titled-Tuesday-Blitz-April-23-2024"]
[Site "Chess.com"]
[Date "2024.04.23"]
[Round "11"]
[White "Grossboss19"]
[Black "jumpingknight20"]
[Result "1/2-1/2"]
[WhiteElo "2635"]
[BlackElo "2738"]
[TimeControl "180+1"]
[EndTime "10:12:03 PDT"]
[Termination "Game drawn by repetition"]

1. Nf3 g6 2. g3 Bg7 3. Bg2 c5 4. O-O Nc6 5. c3 Nf6 6. d4 cxd4 7. Nxd4 O-O 8. Nd2 Nxd4 9. cxd4 d5 10. Nb3 b6 11.
Bf4 Ba6 12. Rc1 Rc8 13. Qd2 Qd7 14. Rxc8 Rxc8 15. Rc1 Rxc1+ 16. Nxc1 Ne4 17. Qd1 Qb5 18. f3 Nd6 19. b3 Nf5 20. e3 Qb4 21. g4 Nd6 22.
Bf1 Bxf1 23. Kxf1 Qc3 24. Bxd6 exd6 25. Nd3 Bf6 26. Ke2 Kg7 27. Qc1 Qa5 28. Qb2 Qa6 29. Qc2 Qb7 30. Nf4 Bg5 31. Nd3 Qe7 32. Qc1 Qe6 33.
h3 h5 34. Qg1 hxg4 35. hxg4 Qe8 36. f4 Bf6 37. Kd2 Qe4 38. g5 Bd8 39. a4 a6 40. Ke2 b5 41. axb5 axb5 42. Qf1 Bb6 43. Qf3 Qf5 44. Kd2 Ba5+ 45. b4 Bb6 46. Qg2 Kf8 47.
Qh1 Ke7 48. Qh8 Qd7 49. Qb8 Qc6 50. Qh8 Qc4 51. Qf6+ Ke8 52. Qh8+ Kd7 53. Qf6 Qa2+ 54. Kd1 Qb3+ 55. Kd2 Qa2+ 56. Kd1 Qb3+ 57. Kd2 Qa2+ 1/2-1/2

[Event "Early-Titled-Tuesday-Blitz-April-23-2024"]
[Site "Chess.com"]
[Date "2024.04.23"]
[Round "11"]
[White "IM_ArthurDW08"]
[Black "viviania"]
[Result "0-1"]
[WhiteElo "2730"]
[BlackElo "2904"]
[TimeControl "180+1"]
[EndTime "10:12:05 PDT"]
[Termination "viviania won by resignation"]

1. e4 d5 2. exd5 Nf6 3. Be2 Qxd5 4. Nf3 Nc6 5. d4 Bg4 6. c4 Qa5+ 7. Bd2 Qf5 8. d5 Bxf3 9. Bxf3 Nd4 10. O-O Nxf3+ 11.
Qxf3 Qxf3 12. gxf3 e6 13. Nc3 O-O-O 14. Bg5 Be7 15.
dxe6 h6 16. Bxf6 Bxf6 17. exf7 Bxc3 18. bxc3 Rhf8 19. Rad1 Rxf7 20. Rxd8+ Kxd8 21. Rd1+ Ke7 22. Kg2 Rf6 23. Re1+ Kf7 24. Rd1 Ke7 25. Re1+ Kd7 26. Rd1+ Rd6 27. Rd4 Ke6 28. Kg3 Ra6 29. Re4+ Kf6 30.
Rd4 Ra4 31. c5 Rxd4 32. cxd4 Ke6 33. Kf4 Kd5 34. Ke3 Kc4 35. Ke4 b5 36. cxb6 axb6 37. d5 b5 38. Ke5 b4 39. d6 cxd6+ 40. Kxd6 g5 41. Kc6 h5 42. Kb6 h4 43. h3 Kd3 44.
Kb5 Ke2 45. Kxb4 Kxf3 46. a4 g4 47. a5 g3 48. a6 gxf2 49. a7 f1=Q 50. a8=Q+ Kg3 51.
Kc3 Qe1+ 52. Kd3 Qe5 53. Qg8+ Kxh3 54. Qg1 Qg3+ 0-1

[Event "Early-Titled-Tuesday-Blitz-April-23-2024"]
[Site "Chess.com"]
[Date "2024.04.23"]
[Round "11"]
[White "DanyKopy"]
[Black "Tagir45"]
[Result "1-0"]
[WhiteElo "2571"]
[BlackElo "2650"]
[TimeControl "180+1"]
[EndTime "10:12:06 PDT"]
[Termination "DanyKopy won on time"]

1. Nf3 d5 2. g3 Nc6 3. d4 Bf5 4. Bg2 e6 5. O-O Nb4 6. Na3 Nf6 7. c3 Nc6 8. Nb1 h6 9. b3 Bd6 10. a4 O-O 11. Ba3 Ne7 12. Nbd2 Rc8 13. e3 c5 14. Qe2 cxd4 15. cxd4 Bxa3 16. Rxa3 Rc3 17. Ne5 Qd6 18.
Raa1 Rfc8 19. Rfd1 a6 20. Qe1 Rc2 21. Rdc1 Qc7 22.
Rxc2 Qxc2 23. Bf1 Ng6 24. Nxg6 Bxg6 25. b4 Qc3 26. b5 a5 27. Nf3 Nd7 28. Qxc3 Rxc3 29.
Be2 f6 30. Kf1 Nb6 31. Ke1 Kf7 32. Bd1 Ke7 33. Kd2 Rc8 34. Ke1 Kd6 35. Nd2 Bc2 36. Rc1 Bxd1 37. Rxc8 Nxc8 38. Kxd1 Nb6 39. Nb3 Nxa4 40.
Nxa5 b6 41. Nb3 Nc3+ 42. Kc2 Nxb5 43. Nd2 Nc7 44. Kb3 Kc6 45. Kb4 Ne8 46. Nf3 Nd6 47. Ne1 Ne4 48. f3 Nf2 49. Kc3 Kb5 50.
Kd2 Kc4 51. Ke2 Nh3 52. f4 1-0

[Event "Early-Titled-Tuesday-Blitz-April-23-2024"]
[Site "Chess.com"]
[Date "2024.04.23"]
[Round "11"]
[White "azikom"]
[Black "ural58"]
[Result "1-0"]
[WhiteElo "2703"]
[BlackElo "2564"]
[TimeControl "180+1"]
[EndTime "10:12:08 PDT"]
[Termination "azikom won by resignation"]

1. d4 d5 2. Bf4 Nf6 3. e3 c5 4. c3 Qb6 5. Qb3 c4 6. Qc2 g6 7. Nd2 Bf5 8. Qc1 Bg7 9. Ngf3 O-O 10.
Be2 Nc6 11. O-O Rfe8 12. h3 Nd7 13. Bh2 e5 14. b3 exd4 15. cxd4 cxb3 16. Nxb3 Rac8 17.
Qd2 a5 18. Rac1 a4 19. Nc5 Nxc5 20. Rxc5 Ne7 21. Rb5 Qa7 22. Rc1 Rxc1+ 23. Qxc1 Rc8 24. Qa3 Bf8 25. Bd6 Nc6 26. Bxf8 Rxf8 27. Rxd5 Rc8 28. Rc5 b6 29. Rc1 Qa5 30. Qd6 Qa8 31. Bb5 Be4 32.
Qf6 Bxf3 33. Qxf3 Nb4 34. Qxa8 Rxa8 35. a3 Ra5 36. Bc4 Nd5 37. Rb1 Nc3 38. Rxb6 Ra7 39. Rb4 h5 40. h4 Kg7 41. g3 f6 42. Kg2 g5 43. hxg5 fxg5 44. d5 Kf6 45. Rb6+ Kf5 46.
Bd3+ Ke5 47. Bc4 Rc7 48. Re6+ Kf5 49. e4+ Nxe4 50. Bd3 g4 51. Bxe4+ Kg5 52. d6 Rg7 53. Re7 Rg8 54. d7 h4 55. gxh4+ Kxh4 56. Re8 1-0

[Event "Early-Titled-Tuesday-Blitz-April-23-2024"]
[Site "Chess.com"]
[Date "2024.04.23"]
[Round "11"]
[White "KogotBobra17"]
[Black "mbojan"]
[Result "0-1"]
[WhiteElo "2779"]
[BlackElo "2924"]
[TimeControl "180+1"]
[EndTime "10:12:09 PDT"]
[Termination "mbojan won by resignation"]

1. e4 a6 2. d4 e6 3. Nf3 d5 4. Bd3 dxe4 5. Bxe4 Nf6 6. Bd3 c5 7. O-O Nbd7 8. Bg5 cxd4 9. Nxd4 Bc5 10. c3 O-O 11.
Nd2 Bxd4 12. cxd4 b6 13. Qe2 Bb7 14. Rac1 h6 15. Bh4 a5 16. Nc4 Rc8 17. Ne5 Rxc1 18. Rxc1 Nxe5 19. dxe5 Qd5 20. f3 Nh5 21. Be4 Qd7 22. Bxb7 Qxb7 23. Qe3 g5 24. Bf2 Nf4 25.
h4 Rd8 26. Re1 b5 27. Bg3 Rd3 28. Qf2 Ng6 29. hxg5 hxg5 30. Kh2 Qd5 31. Re2 Kg7 32. a3 Rd4 33. Rc2 g4 34. fxg4 Qd8 35. Rc8 Qxc8 36. Qxd4 Qc2 37. Be1 a4 38. Qb4 Qe2 39. Bg3 Kg8 40.
Qd4 Kh7 41. Qb4 Kg7 42. Qd4 Ne7 43. Qf4 Ng6 44. Qf6+ Kg8 45. Qd8+ Kh7 46. Qd4 Qc2 47. Qd7 Kg7 48. Qd4 Qc4 49. Qxc4 bxc4 50. Kg1 Ne7 51. Kf2 Nd5 52. Ke2 c3 53. bxc3 Nxc3+ 54. Kd3 Nb5 55. Kc4 Nxa3+ 56. Kb4 Nc2+ 57. Kxa4 Ne3 58. Kb3 Nxg4 59.
Bf4 Kg6 60. Kc4 Kf5 61. g3 Nxe5+ 62. Kc5 Nd3+ 63. Kd6 Nxf4 64. g4+ Kxg4 0-1

[Event "Early-Titled-Tuesday-Blitz-April-23-2024"]
[Site "Chess.com"]
[Date "2024.04.23"]
[Round "11"]
[White "AradNazari"]
[Black "Rsnr"]
[Result "1-0"]
[WhiteElo "2765"]
[BlackElo "2889"]
[TimeControl "180+1"]
[EndTime "10:12:09 PDT"]
[Termination "AradNazari won on time"]

1. e4 c6 2. Nf3 d5 3. Nc3 Bg4 4.
h3 Bh5 5. exd5 cxd5 6. g4 Bg6 7.
Ne5 Nc6 8. d4 e6 9. h4 f6 10. h5 fxe5 11. hxg6 h6 12. dxe5 d4 13. Ne4 Qa5+ 14. Bd2 Qxe5 15. Bd3 Nge7 16. f4 Qc7 17. Nc5 Nd8 18. Nb3 e5 19. Qe2 Ndc6 20. Nc5 Nd8 21. Bb5+ Nec6 22. Nd3 Bd6 23. fxe5 Be7 24. O-O-O a6 25.
Ba4 Ne6 26. Rhf1 O-O-O 27. Rf7 Rdf8 28. Bb3 Ncd8 29. Rdf1 Qd7 30. R7f5 Re8 31. Qe4 Kb8 32. Qd5 Qc8 33. Ba5 Bg5+ 34. Kb1 Nc6 35. Rf7 Nxa5 36. Qxa5 Re7 37. Qb4 Rhe8 38. Qd6+ Nc7 39. Nb4 Ka7 40. Qxd4+ Ka8 41. Qb6 Qxg4 42. Rxe7 Bxe7 43. Qxc7 Qxb4 44. Qd7 Rd8 45. Qe6 Qb5 46. Bc4 Qc5 47. a3 h5 48. Rf7 Bg5 49. Rxg7 Qe3 50. Bd5 Qc1+ 51. Ka2 Rb8 52. Rxb7 1-0